 Dungeon Crawl Stone Soup version 0.24-a0-630-g0d56a851f4 (webtiles) character file.

Game seed: 4763887284719585933, levelgen mode: deterministic

4741 Mame the Cleaver (level 10, -6/83 HPs)
             Began as a Hill Orc Fighter on Sept 20, 2019.
             Was a Priest of Beogh.
             Mangled by a komodo dragon (23 damage)
             ... on level 9 of the Dungeon.
             The game lasted 00:41:12 (9134 turns).

Mame the Cleaver (Hill Orc Fighter)                 Turns: 9134, Time: 00:41:13

Health: -6/83      AC: 18    Str: 23    XL:     10   Next: 46%
Magic:  13/13      EV: 10    Int:  8    God:    Beogh [***...]
Gold:   697        SH:  0    Dex: 10    Spells: 9/9 levels left

rFire    + + .     SeeInvis +   r - +0 hand axe
rCold    + . .     Gourm    .   (no shield)
rNeg     . . .     Faith    .   u - +2 scale mail {rF+}
rPois    .         Spirit   .   y - +0 helmet
rElec    .         Reflect  .   q - scarf {rC+ rF+}
rCorr    .         Harm     .   L - +2 pair of gloves
MR       .....                  m - +1 pair of boots
Stlth    ..........             h - amulet of regeneration
HPRegen  0.63/turn              e - ring of see invisible
MPRegen  0.13/turn              (no ring)

@: about to teleport, lightly drained
A: no striking features
a: Smiting, Renounce Religion


You were on level 9 of the Dungeon.
You worshipped Beogh.
Beogh was most pleased with you.
You were not hungry.

You visited 1 branch of the dungeon, and saw 9 of its levels.
You also visited: Sewer.

You collected 697 gold pieces.

Inventory:

Hand Weapons
 a - a +0 war axe
 r - a +0 hand axe (weapon)
 A - a +0 quarterstaff of speed
 C - a +0 trident of flaming
 G - the +7 hand crossbow of the Evening {elec, Int+6}
   (You found it on level 5 of the Dungeon)

   It charges the ammunition it shoots with electricity; occasionally upon a
   hit, such missiles may discharge and cause terrible harm.
   It affects your intelligence (+6).
 J - a +1 vampiric trident
 S - a +3 morningstar
 V - a +1 spear
Missiles
 M - 40 bolts
Armour
 c - a +0 shield
 m - a +1 pair of boots (worn)
 q - a scarf of resistance (worn)
 s - a +0 chain mail
 u - a +2 scale mail of fire resistance (worn)
 y - a +0 helmet (worn)
 L - a +2 pair of gloves (worn)
Jewellery
 e - a ring of see invisible (left hand)
 h - an amulet of regeneration (around neck)
 k - an uncursed amulet of guardian spirit
 n - an uncursed amulet of magic regeneration {unknown}
 o - an uncursed amulet of the acrobat
 t - an uncursed ring of fire
 K - an uncursed amulet of the gourmand
 P - an uncursed ring of protection from cold {unknown}
Wands
 z - a wand of disintegration (8)
 E - a wand of flame (30)
 Q - a wand of clouds (8)
 U - a wand of digging (10)
Scrolls
 b - a scroll of enchant weapon {unknown}
 l - 9 scrolls of identify
 v - 4 scrolls of teleportation
 B - a scroll of noise
 F - 3 scrolls of remove curse
 H - a scroll of enchant armour {unknown}
 I - a scroll of acquirement {unknown}
 N - 3 scrolls of magic mapping
 O - a scroll of brand weapon {unknown}
Potions
 d - a potion of might
 g - a potion of brilliance
 i - 2 potions of curing
 j - 2 potions of lignification
 p - 2 potions of ambrosia
 w - 2 potions of haste
 x - 3 potions of heal wounds
 D - a potion of mutation {unknown}
 T - a potion of agility {unknown}
Comestibles
 f - 8 rations


   Skills:
 - Level 6.0(5.6) Fighting
 * Level 13.0(12.6) Axes
 - Level 11.0(10.6) Armour
 + Level 3.9(3.6) Shields
 - Level 4.0(3.6) Invocations


You had 9 spell levels left.
You didn't know any spells.
Your spell library was empty.

Dungeon Overview and Level Annotations

Branches:
Dungeon (9/15)             Temple (0/1) D:4            Lair (0/6) D:9
  Sewer (visited)
    Orc: D:9-12

Altars:
Ashenzari
Dithmenos
Elyvilon
Gozag
Ru
Trog
Uskayaw
Wu Jian
Yredelemnul
The Shining One

Shops:
D:4 (   D:7 (

Annotations:
D:7 4 runed translucent doors


Message History

You hit the komodo dragon.
The komodo dragon is lightly wounded.
The komodo dragon bites you!!
All of the chunks of flesh in your inventory have rotted away.
You hit the komodo dragon but do no damage.
The komodo dragon is lightly wounded.
The komodo dragon hisses menacingly.
The komodo dragon bites you!!
You are too injured to fight recklessly!
You are too injured to fight recklessly!
You barely miss the komodo dragon.
The komodo dragon is lightly wounded.
You closely miss the komodo dragon.
The komodo dragon is lightly wounded.
The komodo dragon bites you!!
* * * LOW HITPOINT WARNING * * *
You see here 26 stones.
As you read the scroll of teleportation, it crumbles to dust.
You feel strangely unstable. The komodo dragon bites you!!
You die...

#.......PPPPPP#
#.#......PP..P#
#.##......PP.#
#.####.....###
####[#####..###
#...)).....##
#...).###### #...)l# ##
#....@# .## #.....# #.##
#.....#
##.#########.....######
..)..................>#
####.##รท......<..#.####
####..#.....######^#
..##.#......######.#
..##.##......#.....#


You could see a komodo dragon.

Vanquished Creatures
  Maurice (D:9)
  2 hippogriffs (D:8)
  4 yaks (D:9)
  2 ice beasts
  2 black bears
  A necrophage (D:9)
  A phantom (D:7)
  4 centaurs
  6 big kobolds (Sewer)
  A gnoll sergeant (D:5)
  5 bullfrogs
  A wyvern zombie (D:9)
  A water moccasin zombie (D:9)
  3 killer bees (D:8)
  8 wights (D:9)
  A howler monkey (D:8)
  2 crimson imps
  2 hounds
  An orc priest (D:8)
  2 bullfrog skeletons
  7 orc wizards
  4 iguanas
  9 worker ants
  A killer bee zombie (D:5)
  3 hound skeletons
  A worker ant zombie (D:7)
  8 gnolls
  13 adders
  4 shadow imps
  6 oozes
  An adder zombie (D:6)
  4 adder skeletons
  9 worms
  A dart slug (D:2)
  4 leopard geckos
  48 orcs
  7 ball pythons
  8 bats
  6 giant cockroaches
  2 gnoll zombies (D:6)
  7 goblins
  8 hobgoblins
  4 jackals (D:6)
  8 kobolds
  3 quokkas
  A frilled lizard (D:1)
  A giant cockroach zombie (D:6)
  A quokka zombie (D:5)
  14 rats
243 creatures vanquished.

Vanquished Creatures (others)
  5 plants (D:9)
5 creatures vanquished.

Grand Total: 248 creatures vanquished

Notes
Turn   | Place    | Note
-------+----------+-------------------------------------------
     0 | D:1      | Mame the Hill Orc Fighter began the quest for the Orb.
     0 | D:1      | Reached XP level 1. HP: 19/19 MP: 1/1
   210 | D:1      | Reached skill level 3 in Axes
   210 | D:1      | Reached XP level 2. HP: 23/27 MP: 2/2
   764 | D:2      | Reached XP level 3. HP: 33/33 MP: 3/3
  1295 | D:2      | Reached XP level 4. HP: 41/41 MP: 4/4
  1482 | D:2      | Found an opulent altar of Gozag.
  1916 | D:3      | Reached skill level 4 in Axes
  2259 | D:2      | Reached XP level 5. HP: 31/47 MP: 5/5
  2509 | D:2      | Reached skill level 5 in Fighting
  3140 | D:4      | Found a glowing drain.
  3151 | Sewer    | Entered a sewer
  3174 | Sewer    | Noticed a big kobold
  3189 | Sewer    | Killed a big kobold
  3189 | Sewer    | Reached skill level 5 in Axes
  3189 | Sewer    | Reached skill level 5 in Armour
  3189 | Sewer    | Reached XP level 6. HP: 47/56 MP: 6/6
  3589 | Sewer    | Reached skill level 6 in Axes
  3589 | Sewer    | Reached XP level 7. HP: 63/63 MP: 7/7
  3992 | D:4      | Reached skill level 7 in Axes
  4167 | D:4      | Became a worshipper of Beogh the Brigand
  4261 | D:4      | Found a staircase to the Ecumenical Temple.
  4416 | D:4      | Found Noust's Weapon Shop.
  5022 | D:5      | Entered Level 5 of the Dungeon
  5141 | D:5      | Reached XP level 8. HP: 67/70 MP: 8/8
  5170 | D:5      | Got a scorched hand crossbow
  5224 | D:5      | Found a bloodstained altar of Trog.
  5415 | D:5      | Reached skill level 8 in Axes
  5417 | D:5      | Reached * piety under Beogh
  5841 | D:5      | Identified the +7 hand crossbow of the Evening {elec,
                  | Int+6} (You found it on level 5 of the Dungeon)
  6138 | D:6      | Reached skill level 9 in Axes
  6454 | D:6      | Found a basalt altar of Yredelemnul.
  6676 | D:7      | Found Icreatit's Antique Weapon Emporium.
  6715 | D:7      | Reached XP level 9. HP: 75/75 MP: 9/9
  6784 | D:7      | Reached skill level 10 in Axes
  6808 | D:7      | Found a huge runed translucent gate.
  6810 | D:7      | Noticed a death yak
  6810 | D:7      | Noticed a death yak
  6811 | D:7      | Found a huge runed translucent gate.
  6811 | D:7      | Noticed a polar bear
  6812 | D:7      | Found a huge runed translucent gate.
  6812 | D:7      | Noticed a polar bear
  6812 | D:7      | Noticed a polar bear
  6915 | D:7      | Found a huge runed translucent gate.
  6957 | D:7      | Reached ** piety under Beogh
  7152 | D:7      | Found a hide-covered altar of Uskayaw.
  7159 | D:7      | Found an ornate altar of the Wu Jian Council.
  7166 | D:7      | Found a bloodstained altar of Trog.
  7173 | D:7      | Found a white marble altar of Elyvilon.
  7180 | D:7      | Found a sacrificial altar of Ru.
  7187 | D:7      | Found a shattered altar of Ashenzari.
  7192 | D:7      | Found a glowing golden altar of the Shining One.
  7563 | D:8      | Reached skill level 11 in Axes
  8101 | D:8      | Reached skill level 10 in Armour
  8427 | D:9      | Reached skill level 12 in Axes
  8435 | D:9      | Reached *** piety under Beogh
  8455 | D:9      | Reached XP level 10. HP: 79/83 MP: 10/10
  8671 | D:9      | Reached skill level 1 in Invocations
  8866 | D:9      | Noticed Maurice
  8908 | D:9      | Killed Maurice
  8927 | D:9      | Found a shadowy altar of Dithmenos.
  9068 | D:9      | Reached skill level 13 in Axes
  9081 | D:9      | Found a staircase to the Lair.
  9134 | D:9      | Mangled by a komodo dragon

Levels and vault maps discovered:
D:1:      dpeg_arrival_erosion, layout_loops_ring, glass_columns_a
D:2:      layout_basic, grunt_gozag_breadcrumbs, serial_corexii_hall,
          chequers_hall_statues_wall_a, chequers_hall_statues_y,
          corexii_hall_statues_i, chequers_hall_statues_y
D:3:      layout_rooms, minmay_fractal_squares_gapless_5
D:4:      cheibrodos_pilgrimage, layout_basic, minmay_temple_entry_slanted,
          cheibrodos_sewer_entry_sluice, serial_shops, kennysheep_little_box
D:5:      layout_cave_pools, first_ration, trog_book
D:6:      wander_river, layout_loops_cross, lemuel_zombie_altar_yredelemnul,
          grunt_ministairs_14
D:7:      lemuel_bear_cage, layout_basic, grunt_temple_overflow_octagram,
          serial_shops, shop_fountains
D:8:      layout_basic, special_room [special_room_orc]
D:9:      layout_basic, old_standard_altar, david_lair_shrubbed, uniq_maurice

Skill      XL: |  1  2  3  4  5  6  7  8  9 10 |
---------------+-------------------------------+-----
Axes           | 3 4 5 6 7 9 12 13 | 13.0
Fighting       | 4 5 6 |  6.0
Armour         | 4 5 6 8 10 11 | 11.0
Invocations    | 4 |  4.0
Shields        | |  3.9

Action                   |  1- 3 |  4- 6 |  7- 9 | 10-12 || total
-------------------------+-------+-------+-------+-------++-------
Melee: War axe           |    97 |   213 |    80 |       ||   390
       Hand axe          |       |       |   756 |   197 ||   953
Invok: Convert to Beogh  |       |       |     1 |       ||     1
  Use: Scroll            |       |     6 |     7 |     1 ||    14
  Eat: Chunk             |     1 |     8 |    14 |     2 ||    25
       Ration            |       |       |     1 |       ||     1
Armor: Scale mail        |    46 |   123 |   433 |    87 ||   689
       Ring mail         |       |     2 |       |       ||     2
Dodge: Dodged            |    53 |   110 |   412 |    72 ||   647

Table legend:
 A = Non-vault XP
 B = Vault XP
 C = Vault XP percentage of total XP
 D = Non-vault monster count
 E = Vault monster count
 F = Vault count percentage of total count
                 A         B        C        D         E       F
            +---------+---------+-------+---------+---------+-------
      Total |    5519 |    1254 |  18.5 |     184 |      59 |  24.3
            +---------+---------+-------+---------+---------+-------
        D:1 |      31 |       0 |   0.0 |      15 |       0 |   0.0
        D:2 |     130 |       0 |   0.0 |      35 |       0 |   0.0
        D:3 |      98 |      21 |  17.6 |      15 |       4 |  21.1
        D:4 |     163 |      15 |   8.4 |      16 |       5 |  23.8
        D:5 |     346 |       0 |   0.0 |      18 |       0 |   0.0
        D:6 |     754 |      12 |   1.6 |      21 |       6 |  22.2
        D:7 |     922 |       0 |   0.0 |      18 |       0 |   0.0
        D:8 |    1082 |      83 |   7.1 |      20 |      15 |  42.9
        D:9 |    1993 |     449 |  18.4 |      26 |       1 |   3.7
      Sewer |       0 |     674 | 100.0 |       0 |      28 | 100.0
            +---------+---------+-------+---------+---------+-------
